 Dungeon Crawl Stone Soup version 0.32-a0-22-g6ae6769602 (webtiles) character file.

Game seed: 17910739589772249265

105 Essalna the Digger (level 4, -1/24 HPs)
             Began as a Gargoyle Earth Elementalist on Jan 18, 2024.
             Slain by a river rat (8 damage)
             ... on level 3 of the Dungeon.
             The game lasted 00:04:50 (2349 turns).

Essalna the Digger (Gargoyle Earth Elementalist)    Turns: 2349, Time: 00:04:51

Health: -1/24      AC:  7    Str: 12    XL:     4   Next: 81%
Magic:  0/8        EV: 11    Int: 17    God:
Gold:   126        SH:  0    Dex: 10    Spells: 8/9 levels left

rFire   . . .        d - +2 dagger (venom)
rCold   . . .        (no shield)
rNeg    + . .        a - +0 robe
rPois   ∞            h - +1 helmet {SInv}
rElec   +            (no cloak)
rCorr   .            (no gloves)
SInv    +            (no boots)
Will    .....        (no amulet)
Stlth   ++           (no ring)
HPRegen 0.24/turn    (no ring)
MPRegen 0.11/turn

%: no passive effects
@: very slightly contaminated
A: sickness immunity, AC +3, negative energy resistance 1, electricity
resistance, torment resistance 1, petrification resistance
a: no special abilities


You were on level 3 of the Dungeon.
You visited 1 branch of the dungeon, and saw 3 of its levels.

You collected 126 gold pieces.

Inventory:

Hand Weapons
 d - a +2 dagger of venom (weapon)
Armour
 a - a +0 robe (worn)
 h - a +1 helmet of see invisible (worn)
Jewellery
 c - an amulet of guardian spirit
 k - a ring of flight
Scrolls
 f - 2 scrolls of noise
 g - a scroll of identify
 j - a scroll of teleportation
Potions
 e - 3 potions of curing


   Skills:
 - Level 1.5 Dodging
 - Level 2.1 Stealth
 + Level 3.0 Spellcasting
 + Level 2.8 Conjurations
 + Level 4.7 Earth Magic


You had 8 spell levels left.
You knew the following spells:

 Your Spells              Type           Power      Damage    Failure   Level
a - Sandblast             Erth           36%        2d10      2%          1

Your spell library contained the following spells:

 Spells                   Type           Power      Damage    Failure   Level
 Passwall                 Erth           18%        N/A       8%          3
 Stone Arrow              Conj/Erth      30%        3d8       11%         3
 Brom's Barrelling Bould  Conj/Erth      15%        2d4       34%         4
 Petrify                  Alch/Erth      10%        N/A       54%         4


Dungeon Overview and Level Annotations

Branches:
Dungeon (3/15)

Altars:


Innate Abilities, Weirdness & Mutations

You are immune to sickness and miasma.
Your stone body is resilient. (AC +3)
You are immune to poison.
You resist negative energy. (rN+)
You are resistant to electric shocks. (rElec)
You are resistant to unholy torment.
You are immune to petrification.


Message History

Casting: Sandblast (safe; 2% risk of failure)
Confirm with . or Enter, or press ? or * to list all spells.
Aiming: Sandblast (safe; 2% risk of failure)
Press: ? - help, Shift-Dir - straight line, f/p - river rat
Aim: a river rat (heavily wounded, 80% to hit)
The blast of sand hits the river rat but does no damage.
The river rat is heavily wounded.
The river rat bites you but does no damage. x2
The river rat barely misses you.
The river rat bites you but does no damage.
Casting: Sandblast (safe; 2% risk of failure)
Confirm with . or Enter, or press ? or * to list all spells.
Aiming: Sandblast (safe; 2% risk of failure)
Press: ? - help, Shift-Dir - straight line, f/p - river rat
Aim: a river rat (heavily wounded, 80% to hit)
You miscast Sandblast.
You are very lightly contaminated with residual magic.
Nothing appears to happen.
The river rat bites you. x2
* * * LOW HITPOINT WARNING * * *
Casting: Sandblast (safe; 2% risk of failure)
Confirm with . or Enter, or press ? or * to list all spells.
Aiming: Sandblast (safe; 2% risk of failure)
Press: ? - help, Shift-Dir - straight line, f/p - river rat
Aim: a river rat (heavily wounded, 80% to hit)
You miscast Sandblast.
Nothing appears to happen.
The river rat bites you.
* * * LOW HITPOINT WARNING * * *
The river rat barely misses you.
Casting: Sandblast (safe; 2% risk of failure)
Confirm with . or Enter, or press ? or * to list all spells.
Aiming: Sandblast (safe; 2% risk of failure)
Press: ? - help, Shift-Dir - straight line, f/p - river rat
Aim: a river rat (heavily wounded, 80% to hit)
The blast of sand hits the river rat but does no damage.
The river rat is heavily wounded.
The river rat closely misses you. The river rat barely misses you.
The river rat attacks as it pursues you!
The river rat barely misses you.
The river rat attacks as it pursues you!
The river rat bites you!
You die...

#...................
#...........#.......
#...........#.....#..
#.†.........#........
#........<...........
#.........†..........
#....................
#....................
#...........@r.......
#..........~r~~~.~...
#........####~#~#~~..
###....###~~~~~~~~~..
#..... #~########..
#..... # #.....
#...... #....


You could see 2 river rats.

Vanquished Creatures
  3 gnolls (D:2)
  2 river rats (D:2)
  3 ribbon worms
  A dart slug (D:3)
  6 endoplasms
  A giant cockroach (D:1)
  3 goblins (D:1)
  4 hobgoblins
  4 jackals (D:1)
  2 quokkas (D:2)
  2 ball pythons
  5 bats
  4 frilled lizards
  2 kobolds (D:1)
  6 rats
48 creatures vanquished.

Notes
Turn   | Place    | Note
-------+----------+-------------------------------------------
     0 | D:1      | Essalna the Gargoyle Earth Elementalist began the quest for
                  | the Orb.
     0 | D:1      | Reached XP level 1. HP: 10/10 MP: 3/3
   164 | D:1      | You fall into a shaft and drop 1 floor!
   273 | D:1      | Reached XP level 2. HP: 9/15 MP: 1/5
   352 | D:1      | Reached skill level 4 in Earth Magic
   708 | D:1      | Reached XP level 3. HP: 19/19 MP: 4/6
  1695 | D:2      | Reached XP level 4. HP: 16/24 MP: 1/8
  2251 | D:3      | Identified a scroll of acquirement
  2251 | D:3      | Acquired a +1 helmet of see invisible
  2349 | D:3      | Slain by a river rat

Illustrated notes

Levels and vault maps discovered:
D:1:      kilobyte_arrival_exit_the_forest, layout_basic, serial_glass,
          glass_columns_a, glass_columns_c
D:2:      layout_loops_cross, minmay_pentomino_pile
D:3:      layout_basic, zin_purify, mainiacjoe_overflow_small_starburst,
          nicolae_dithmenos_through_a_glass_darkly, gammafunk_ghost_split,
          lightli_sewer_entry_pipes

Skill      XL: |  1  2  3  4 |
---------------+-------------+-----
Earth Magic    | 4 |  4.7
Conjurations   | 2 |  2.8
Spellcasting   | 3 |  3.0
Dodging        | |  1.5
Stealth        | |  2.1

Action                     |  1- 3 |  4- 6 || total
---------------------------+-------+-------++-------
  Melee: Unarmed           |    22 |       ||    22
         Dagger            |       |     6 ||     6
   Cast: Sandblast         |    54 |    27 ||    81
    Use: Scroll            |     2 |     3 ||     5
         Potion            |       |     2 ||     2
 Armour: Robe              |    29 |    25 ||    54
  Dodge: Dodged            |    39 |    20 ||    59

Table legend: (Time is in decaauts)
 A = Elapsed time spent in this place.
 B = Non-inter-level travel time spent in this place.
 C = Inter-level travel time spent in this place.
 D = Time resting spent in this place.
 E = Time spent auto-exploring this place.
 F = Levels seen in this place.
 G = Mean time per level.
                   A        B        C        D        E       F      G
               +--------+--------+--------+--------+--------+-----+--------+
         Total |   2399 |   2263 |    136 |     62 |   1887 |   3 |  799.7 |
       Dungeon |   2399 |   2263 |    136 |     62 |   1887 |   3 |  799.7 |
               +--------+--------+--------+--------+--------+-----+--------+

Top non-repeatable levels by time:
     D:1: 1457 daAuts
     D:2: 843 daAuts
     D:3: 98 daAuts
